 Dungeon Crawl Stone Soup version 0.29-a0-468-ge57f7f99b4 (webtiles) character file.

Game seed: 11495744734048429214

2152 dabmancer the Thaumaturge (level 9, -5/39 HPs)
             Began as a Spriggan Hedge Wizard on May 21, 2022.
             Was an Initiate of Sif Muna.
             Shot with an arrow by a centaur (11 damage)
             ... on level 6 of the Dungeon on May 22, 2022.
             The game lasted 01:06:46 (12538 turns).

dabmancer the Thaumaturge (Spriggan Hedge Wizard)  Turns: 12538, Time: 01:06:47

Health: -5/39      AC:  3    Str:  6    XL:     9   Next: 10%
Magic:  30/34      EV: 17    Int: 20    God:    Sif Muna [......]
Gold:   343        SH:  0    Dex: 14    Spells: 17/30 levels left

rFire   . . .      SeeInvis +   q - +4 quarterstaff (chaos)
rCold   . . .      Faith    .   (shield currently unavailable)
rNeg    . . .      Spirit   .   b - +0 robe
rPois   .          Reflect  .   c - +0 hat
rElec   .          Harm     .   s - +0 cloak
rCorr   .          Rampage  .   (gloves unavailable)
Will    +....                   (boots unavailable)
Stlth   +++.......              (no amulet)
HPRegen 0.13/turn               x - ring of magical power
MPRegen 0.24/turn               (no ring)

@: on blink cooldown, very quick
A: very small, no large weapons, unfitting armour, see invisible, speed 3
a: Renounce Religion


You were on level 6 of the Dungeon.
You worshipped Sif Muna.
Sif Muna was noncommittal.
You visited 2 branches of the dungeon, and saw 7 of its levels.

You collected 343 gold pieces.

Inventory:

Hand Weapons
 a - a +0 dagger
 g - a +0 dagger of speed
 q - a +4 quarterstaff of chaos (weapon)
 w - a +0 giant club
 B - a +1 dagger of venom
 J - a +0 whip of electrocution
 K - a +0 dire flail of protection
Missiles
 f - 188 stones
 t - 15 poisoned darts
 v - 12 boomerangs
 H - 2 atropa-tipped darts
Armour
 b - a +0 robe (worn)
 c - a +0 hat (worn)
 n - a +2 buckler
 s - a +0 cloak (worn)
 y - a +2 chain mail of fire resistance
 F - a +0 crystal plate armour
 L - a +0 chain mail
 N - the +1 leather armour of Sin {rPois rN+++ Int-3 Dex+5}
   (You found it on level 5 of the Dungeon)

   Int:       It affects your intelligence (-3).
   Dex:       It affects your dexterity (+5).
   rPois:     It protects you from poison.
   rN:        It renders you almost immune to negative energy.
Jewellery
 x - a ring of magical power (left hand)
Wands
 I - a wand of paralysis (3)
Scrolls
 e - 2 scrolls of amnesia
 h - 2 scrolls of noise
 i - 4 scrolls of teleportation
 j - a scroll of torment {unknown}
 k - a scroll of vulnerability
 l - a scroll of acquirement {unknown}
 m - 5 scrolls of identify
 u - a scroll of enchant weapon {unknown}
 z - a scroll of summoning {unknown}
 A - 3 scrolls of immolation
 D - a scroll of enchant armour {unknown}
 E - 3 scrolls of fear
 M - a scroll of fog {unknown}
Potions
 d - a potion of magic
 o - 3 potions of curing
 p - a potion of brilliance {unknown}
 r - a potion of flight {unknown}
 C - a potion of cancellation {unknown}
 G - a potion of attraction {unknown}


   Skills:
 + Level 0.8 Staves
 + Level 3.5 Dodging
 + Level 4.2 Stealth
 + Level 11.2 Spellcasting
 + Level 4.9 Conjurations
 + Level 0.5 Hexes
 + Level 2.8 Summonings
 + Level 2.2 Translocations
 + Level 0.2 Fire Magic


You had 17 spell levels left.
You knew the following spells:

 Your Spells              Type           Power      Damage    Failure   Level
a - Magic Dart            Conj           100%       1d8       1%          1
b - Blink                 Tloc           40%        N/A       3%          2
c - Call Imp              Summ           22%        N/A       3%          2
d - Conjure Flame         Conj/Fire      21%        6-21      6%          3
e - Necrotize             Necr           44%        1d6       6%          1
g - Vampiric Draining     Necr           11%        2d6       19%         3
s - Slow                  Hex            52%        N/A       4%          1

Your spell library contained the following spells:

 Spells                   Type           Power      Damage    Failure   Level
 Mephitic Cloud           Conj/Pois/Air  17%        N/A       10%         3
 Ignite Poison            Fire/Tmut/Pois 11%        N/A       19%         3
 Corpse Rot               Necr/Pois/Air  11%        N/A       52%         4
 Dispel Undead            Necr           11%        3d9       52%         4
 Freezing Cloud           Conj/Ice/Air   8%         6-21      65%         5
 Agony                    Necr           11%        N/A       86%         5
 Death Channel            Necr           5%         N/A       100%        6


Dungeon Overview and Level Annotations

Branches:
Dungeon (6/15)             Temple (1/1) D:6

Altars:
Cheibriados
Dithmenos
Fedhas
Gozag
Kikubaaqudgha
Makhleb
Nemelex Xobeh
Ru
Sif Muna
Vehumet
Wu Jian
Xom
Yredelemnul


Innate Abilities, Weirdness & Mutations

You are very small and have problems with some larger weapons.
You are too small for most types of armour.
You have supernaturally acute eyesight. (SInv)
You cover ground extremely quickly. (Speed+++)


Message History

The centaur shoots an arrow.
The arrow hits you!
Casting: Slow (safe; 4% risk of failure)
Confirm with . or Enter, or press ? or * to list all spells.
A beastly little devil appears in a puff of flame.
A hound comes into view.
The magic dart hits the centaur.
The centaur is moderately wounded.
The centaur shoots an arrow.
The arrow misses you.
Your crimson imp blinks!
The magic dart hits the hound.
The hound is moderately wounded.
Your crimson imp blinks!
Your crimson imp hits the centaur.
Found a stone staircase leading down.
The centaur shoots an arrow.
The arrow hits you!
You are too injured to fight recklessly!
A jelly comes into view.
You are too injured to fight recklessly!
You are too injured to fight recklessly!
Aiming: Magic Dart (safe; 1% risk of failure)
Press: ? - help, Q - select action, (/) - cycle Shift-Dir - straight line, f/p - hound
Aim: a hound (moderately wounded, 100% to hit)
The magic dart hits the hound.
The hound is moderately wounded.
A sky beast comes into view.
The centaur shoots an arrow.
The arrow misses you.
The iguana hisses angrily.
The centaur shoots an arrow.
The arrow barely misses you.
The centaur shoots an arrow.
The arrow completely misses you.
Casting: Magic Dart (safe; 1% risk of failure)
Confirm with . or Enter, or press ? or * to list all spells.
You blink.
The centaur shoots an arrow.
The arrow hits you. The hound bites you.
The centaur shoots an arrow.
The arrow hits you!
* * * LOW HITPOINT WARNING * * *
The centaur shoots an arrow.
The arrow closely misses you.
The centaur shoots an arrow.
The arrow misses you.
The sky beast completely misses your crimson imp.
The centaur shoots an arrow.
The arrow hits you!
You die...

.....................#
##...#..#..........# #
#..................##########
#.#.###.....Y.#.§.l...........#
#.#.###.....5..####...........#
#..............####...........#
..#.####.c.....h..............
#.#.# #.................##.# #
#.####........@...........#
#.............<..##...##..#
............##.....##...##..#
............##..............#
.#..........##).......>.....#
.#..........#####.†.........#
#..........# ##.##...##.##
#########..# #.##...##.# #>#
#..Y......#


You could see a sky beast, a centaur, a hound (ally target) and a friendly
crimson imp (summoned).

Vanquished Creatures
  Pikel (D:4)
  The ghost of happo123 the Magician, an amateur DjEE of Hepliaklqana (D:4)
  Edmund (D:4)
  An ice beast (D:6)
  2 ogres
  A sky beast (D:6)
  A lemure (D:4)
  2 phantoms (D:5)
  A kobold brigand (D:5)
  A necrophage (D:5)
  4 scorpions
  A centaur zombie (D:4)
  A bullfrog zombie (D:4)
  2 hounds
  Crazy Yiuf (D:2)
  2 bullfrog skeletons (D:4)
  2 iguanas
  9 adders
  An ufetubus (D:5)
  3 dart slugs
  5 orcs
  3 ball pythons
  2 endoplasms
  4 giant cockroaches
  10 goblins
  4 hobgoblins
  11 jackals
  6 kobolds
  5 quokkas
  5 bats
  3 frilled lizards
  6 rats
102 creatures vanquished.

Vanquished Creatures (collateral kills)
  A water moccasin (D:6)
  A scorpion (D:5)
  An orc priest (D:4)
  2 kobolds (D:5)
5 creatures vanquished.

Grand Total: 107 creatures vanquished

Notes
Turn   | Place    | Note
-------+----------+-------------------------------------------
     0 | D:1      | dabmancer the Spriggan Hedge Wizard began the quest for the
                  | Orb.
     0 | D:1      | Reached XP level 1. HP: 9/9 MP: 6/6
   499 | D:1      | Reached XP level 2. HP: 13/13 MP: 4/8
   722 | D:1      | Found a faded altar of an unknown god.
  1203 | D:1      | Reached skill level 1 in Conjurations
  1553 | D:2      | Reached XP level 3. HP: 16/16 MP: 3/10
  1938 | D:2      | Found a runed translucent door.
  2475 | D:2      | Noticed Crazy Yiuf
  2784 | D:2      | Killed Crazy Yiuf
  2785 | D:2      | Reached skill level 5 in Spellcasting
  2930 | D:2      | Learned a level 2 spell: Blink
  2933 | D:2      | Learned a level 2 spell: Call Imp
  3922 | D:3      | Reached XP level 4. HP: 21/21 MP: 7/12
  4266 | D:3      | Noticed an ogre
  4435 | D:3      | Killed an ogre
  4436 | D:3      | Reached XP level 5. HP: 24/24 MP: 0/14
  4918 | D:3      | Reached skill level 6 in Spellcasting
  5070 | D:3      | Found an ornate altar of the Wu Jian Council.
  6261 | D:4      | Reached XP level 6. HP: 28/28 MP: 5/16
  6865 | D:4      | Reached skill level 7 in Spellcasting
  7040 | D:4      | Found a runed translucent gate.
  7040 | D:4      | Found a runed translucent gate.
  7040 | D:4      | Found a runed translucent gate.
  7045 | D:4      | Noticed happo123's ghost (amateur DjEE)
  7276 | D:4      | Learned a level 3 spell: Conjure Flame
  7643 | D:4      | Reached XP level 7. HP: 32/32 MP: 19/19
  7938 | D:4      | Killed happo123's ghost
  7939 | D:4      | Reached skill level 8 in Spellcasting
  7939 | D:4      | Reached skill level 1 in Summonings
  8178 | D:5      | Entered Level 5 of the Dungeon
  8531 | D:5      | Noticed Pikel
  9357 | D:4      | Killed Pikel
  9358 | D:4      | Reached skill level 9 in Spellcasting
  9358 | D:4      | Reached XP level 8. HP: 36/36 MP: 15/22
  9523 | D:5      | Found a sparkling altar of Nemelex Xobeh.
 10000 | D:5      | Reached skill level 10 in Spellcasting
 10158 | D:5      | Learned a level 1 spell: Necrotize
 10168 | D:5      | Learned a level 1 spell: Slow
 10172 | D:5      | Learned a level 3 spell: Vampiric Draining
 10858 | D:5      | Noticed Edmund
 11455 | D:4      | Killed Edmund
 11905 | D:5      | Identified the +1 leather armour of Sin {rPois rN+++ Int-3
                  | Dex+5}
 12044 | D:6      | Found a staircase to the Ecumenical Temple.
 12075 | Temple   | Entered the Ecumenical Temple
 12239 | Temple   | Became a worshipper of Sif Muna the Loreminder
 12306 | D:6      | Reached XP level 9. HP: 39/39 MP: 21/24
 12401 | D:6      | Reached skill level 11 in Spellcasting
 12538 | D:6      | Shot with an arrow by a centaur

Illustrated notes

Levels and vault maps discovered:
D:1:      nicolae_arrival_memento_mori, layout_loops_ring,
          ebering_ecumenical_altar_sacrificial
D:2:      layout_basic, wad_woods_river_04, uniq_crazy_yiuf_cottage
D:3:      layout_basic, lemuel_crystal_altar, minmay_vboxes
D:4:      layout_loops_ring, gammafunk_ghost_necromancy
D:5:      layout_basic, nemelex_spade_bored_becter,
          lightli_ossuary_entry_decrepit_ruins, uniq_edmund, uniq_pikel
D:6:      layout_basic, minmay_temple_entry_stoned_glass, minmay_ogre_servants,
          uniq_eustachio
Temple:   nicolae_temple_figure_eight

Skill      XL: |  1  2  3  4  5  6  7  8  9 |
---------------+----------------------------+-----
Dodging        | 3 |  3.5
Conjurations   | 1 2 3 4 |  4.9
Spellcasting   | 5 6 7 9 10 11 | 11.2
Translocations | 2 |  2.2
Stealth        | 4 |  4.2
Summonings     | 2 |  2.8
Staves         | |  0.8
Hexes          | |  0.5
Fire Magic     | |  0.2

Action                   |  1- 3 |  4- 6 |  7- 9 || total
-------------------------+-------+-------+-------++-------
Melee: Dagger            |     6 |       |       ||     6
       Quarterstaff      |       |     3 |     1 ||     4
Throw: Dart              |     2 |       |    54 ||    56
       Stone             |       |       |     5 ||     5
 Cast: Magic Dart        |    96 |   215 |   362 ||   673
       Blink             |     5 |       |     3 ||     8
       Call Imp          |       |     2 |    46 ||    48
       Conjure Flame     |       |     1 |     3 ||     4
       Slow              |       |       |    10 ||    10
       Necrotize         |       |       |     1 ||     1
  Use: Scroll            |     4 |       |     3 ||     7
Armor: Robe              |     1 |     2 |     6 ||     9
Dodge: Dodged            |    16 |    16 |    66 ||    98

Table legend: (Time is in decaauts)
 A = Elapsed time spent in this place.
 B = Non-inter-level travel time spent in this place.
 C = Inter-level travel time spent in this place.
 D = Time resting spent in this place.
 E = Time spent auto-exploring this place.
 F = Levels seen in this place.
 G = Mean time per level.
                   A        B        C        D        E       F      G
               +--------+--------+--------+--------+--------+-----+--------+
         Total |   9859 |   9732 |    127 |   3069 |   3899 |   7 | 1408.4 |
       Dungeon |   9736 |   9609 |    127 |   3069 |   3799 |   6 | 1622.7 |
        Temple |    122 |    122 |      0 |      0 |    100 |   1 |  122.0 |
               +--------+--------+--------+--------+--------+-----+--------+

Top non-repeatable levels by time:
     D:4: 3250 daAuts
     D:2: 2109 daAuts
     D:3: 1654 daAuts
     D:5: 1472 daAuts
     D:1: 1016 daAuts
     D:6: 232 daAuts
  Temple: 122 daAuts
